 Dungeon Crawl Stone Soup version 0.31-a0-180-g519b7de00c (webtiles) character file.

Game seed: 7587020097887150584

2141 BlueFish the Charlatan (level 9, -4/75 HPs)
             Began as a White Draconian Artificer on June 20, 2023.
             Was an Initiate of Vehumet.
             Slain by a wyvern (13 damage)
             ... on level 6 of the Dungeon.
             The game lasted 00:16:25 (6251 turns).

BlueFish the Charlatan (White Draconian Artificer)  Turns: 6251, Time: 00:16:26

Health: -4/75      AC:  7    Str: 14    XL:     9   Next: 9%
Magic:  10/10      EV: 14    Int: 15    God:    Vehumet [......]
Gold:   184        SH:  0    Dex: 13    Spells: 6/9 levels left

rFire   . . .        a - +2 dagger (venom)
rCold   + + .        (no shield)
rNeg    . . .        (body armour unavailable)
rPois   +            (helmet restricted)
rElec   .            (no cloak)
rCorr   .            (no gloves)
SInv    .            (no boots)
Will    .....        (no amulet)
Stlth   +++          i - ring of protection from cold
HPRegen 0.32/turn    v - ring of poison resistance
MPRegen 0.12/turn

%: no passive effects
@: no status effects
A: breathe frost, AC +7, unfitting armour, cold resistance 1, cold-blooded
a: Breathe Frost, Renounce Religion


You were on level 6 of the Dungeon.
You worshipped Vehumet.
Vehumet was noncommittal.
You visited 2 branches of the dungeon, and saw 7 of its levels.

You collected 184 gold pieces.

Inventory:

Hand Weapons
 a - a +2 dagger of venom (weapon)
 b - a +2 dagger of speed
 f - a +0 war axe
 j - a +0 short sword
 t - a +0 club
Jewellery
 i - a ring of protection from cold (left hand)
 v - a ring of poison resistance (right hand)
Wands
 c - a wand of charming (15)
 d - a wand of iceblast (5)
 n - a wand of flame (15)
Scrolls
 e - 4 scrolls of amnesia
 g - 3 scrolls of identify
 h - a scroll of teleportation
 p - 2 scrolls of poison
 q - 3 scrolls of revelation
 s - a scroll of enchant armour
 w - 3 scrolls of fog
Potions
 k - 2 potions of lignification
 r - 2 potions of curing
 x - a potion of brilliance


   Skills:
 + Level 5.9 Fighting
 + Level 4.9 Short Blades
 + Level 5.2 Dodging
 + Level 5.2 Stealth
 + Level 0.8 Spellcasting
 + Level 1.0 Conjurations
 + Level 6.1 Evocations


You had 6 spell levels left.
You knew the following spells:

 Your Spells              Type           Power      Damage    Failure   Level
a - Magic Dart            Conj           12%        1d3       17%         1
b - Searing Ray           Conj           6%         2d4       26%         2

Your spell library contained the following spells:

 Spells                   Type           Power      Damage    Failure   Level
 Call Imp                 Summ           0%         N/A       36%         2
 Stone Arrow              Conj/Erth      4%         3d7       52%         3
 Mephitic Cloud           Conj/Pois/Air  1%         N/A       54%         3
 Fulminant Prism          Conj/Hex       1%         3d5       90%         4
 Lehudib's Crystal Spear  Conj/Erth      1%         10d2      100%        8
 Animate Armour           Summ/Erth      Unusable   N/A       N/A         4

Dungeon Overview and Level Annotations

Branches:
Dungeon (6/15)             Temple (1/1) D:4

Altars:
Ashenzari
Cheibriados
Dithmenos
Elyvilon
Fedhas
Hepliaklqana
Kikubaaqudgha
Qazlal
Sif Muna
Trog
Uskayaw
Vehumet
Wu Jian
Yredelemnul
Zin
The Shining One

Shops:
D:1 [

Annotations:
D:6 Eustachio


Innate Abilities, Weirdness & Mutations

You can breathe waves of freezing cold which knock back foes.
Your icy white scales are hard. (AC +7)
You cannot fit into any form of body armour.
Your flesh is cold resistant. (rC+)
You are cold-blooded and may be slowed by cold attacks.


Message History

The wyvern is moderately wounded.
The wyvern barely misses you.
Eustachio mumbles some strange words.
You barely miss the wyvern.
The wyvern is moderately wounded.
The wyvern barely misses you.
You hit the wyvern.
You tail-slap the wyvern, but do no damage.
The wyvern is moderately wounded.
The wyvern bites you!
Eustachio gestures wildly while chanting.
You barely miss the wyvern.
The wyvern is moderately wounded.
Eustachio looks more healthy.
The wyvern bites you but does no damage.
The wyvern misses you.
You closely miss the wyvern. You punch the wyvern, but do no damage.
The wyvern is moderately wounded.
The wyvern bites you!
You hit the wyvern but do no damage.
The wyvern looks as sick as possible!
Your tail-slap misses the wyvern.
The wyvern is moderately wounded.
The wyvern closely misses you.
You hit the wyvern.
The wyvern looks as sick as possible!
You tail-slap the wyvern.
The wyvern is severely wounded.
Eustachio casts a spell.
Eustachio blinks!
The wyvern bites you!
* * * LOW HITPOINT WARNING * * *
You closely miss the wyvern.
The wyvern is severely wounded.
The wyvern closely misses you.
You hit the wyvern but do no damage.
The wyvern looks as sick as possible!
The wyvern is almost dead.
The wyvern bites you!
* * * LOW HITPOINT WARNING * * *
You closely miss the wyvern.
The wyvern is almost dead.
The wyvern bites you!
You die...

#.#.# .###.. #.#.# .....
#.#.# #..@# #.#.# #.$.#
#.#.######### #...
#...........# #..##.##!
#...#######.# #b..l....
#...........# #l## #
#..########.##.#@##.##..#
.........##...###...../.#
#...........##.#.##.###..
#.######....?.>.....# #.
........######### ##
#########


You could see a wyvern (extremely poisoned) and a bat (summoned).

Vanquished Creatures
  Grinder (D:3)
  Edmund (D:5)
  Duvessa (D:5)
  A water moccasin (D:6)
  An ice beast (D:5)
  4 ogres
  A centaur (D:6)
  2 phantoms
  Blork the orc (D:5)
  2 necrophages (D:5)
  3 scorpions
  Dowan (D:5)
  2 orc priests
  2 hounds
  2 jellies
  A sleepcap (D:6)
  2 iguanas (D:5)
  2 orc wizards
  13 adders
  A shadow imp (D:6)
  An ufetubus (D:5)
  2 worms
  3 dart slugs
  10 orcs
  13 ball pythons
  7 bats
  8 endoplasms
  4 giant cockroaches
  7 goblins
  6 hobgoblins
  14 jackals
  3 quokkas
  4 frilled lizards
  10 kobolds
  3 rats
139 creatures vanquished.

Notes
Turn   | Place    | Note
-------+----------+-------------------------------------------
     0 | D:1      | BlueFish the Draconian Artificer began the quest for the
                  | Orb.
     0 | D:1      | Reached XP level 1. HP: 16/16 MP: 1/1
    28 | D:1      | Reached skill level 1 in Stealth
   147 | D:1      | Reached XP level 2. HP: 17/23 MP: 2/2
   180 | D:1      | Found Zarethuuq's Antique Armour Emporium.
   876 | D:2      | Reached XP level 3. HP: 28/29 MP: 3/3
  1087 | D:2      | Found an ancient bone altar of Kikubaaqudgha.
  1547 | D:2      | Reached XP level 4. HP: 26/36 MP: 4/4
  1984 | D:3      | Reached skill level 1 in Short Blades
  2163 | D:3      | Found a bloodstained altar of Trog.
  2187 | D:3      | Reached XP level 5. HP: 42/42 MP: 5/5
  2411 | D:3      | Found a radiant altar of Vehumet.
  2841 | D:3      | Noticed Grinder
  2858 | D:3      | Killed Grinder
  2859 | D:3      | Reached skill level 4 in Evocations
  2859 | D:3      | Reached XP level 6. HP: 11/51 MP: 6/6
  3079 | D:4      | Found a staircase to the Ecumenical Temple.
  3091 | Temple   | Entered the Ecumenical Temple
  3091 | Temple   | Found a transporter.
  3091 | Temple   | Found a transporter.
  3093 | Temple   | Found a transporter.
  3093 | Temple   | Found a transporter.
  3428 | D:4      | Your scales start taking on an icy white colour.
  3428 | D:4      | Reached XP level 7. HP: 32/58 MP: 7/7
  3428 | D:4      | Gained mutation: Your flesh is cold resistant. (rC+) [White
                  | Draconian growth]
  4246 | D:5      | Entered Level 5 of the Dungeon
  4317 | D:5      | Noticed Edmund
  4331 | D:5      | HP: 3/60 [poisoned by Edmund]
  4331 | D:5      | Killed Edmund
  4332 | D:5      | Reached skill level 5 in Evocations
  4334 | D:5      | HP: 1/60 [poisoned by Edmund]
  4356 | D:5      | Noticed Dowan
  4360 | D:5      | Reached XP level 8. HP: 17/67 MP: 8/8
  4582 | D:5      | Found a blossoming altar of Fedhas.
  4776 | D:5      | Noticed Blork the orc
  4791 | D:5      | Killed Blork the orc
  4792 | D:5      | Reached skill level 5 in Fighting
  4936 | D:5      | Noticed Duvessa
  4966 | D:5      | Killed Duvessa
  4975 | D:5      | Killed Dowan
  5359 | D:5      | Reached skill level 5 in Dodging
  5405 | D:5      | Reached skill level 5 in Stealth
  5762 | D:3      | Became a worshipper of Vehumet
  5765 | D:3      | Learned a level 1 spell: Magic Dart
  5768 | D:3      | Learned a level 2 spell: Searing Ray
  5833 | D:6      | Reached skill level 6 in Evocations
  5833 | D:6      | Reached XP level 9. HP: 75/75 MP: 9/9
  6074 | D:6      | Identified the +2 robe "Xurph" {rPois Int+6}
  6146 | D:6      | Reached skill level 1 in Conjurations
  6230 | D:6      | Noticed Eustachio
  6251 | D:6      | Slain by a wyvern

Illustrated notes

Levels and vault maps discovered:
D:1:      amcnicky_arrival_wind_blow, layout_rooms, serial_shops,
          nicolae_shop_tiny_real_fake_doors
D:2:      layout_loops_corners, basic_altar, hangedman_decor_diamond_cutter,
          guppyfry_early_lair_pool
D:3:      layout_rooms, vehumet_crystals, mainiacjoe_overflow_surrounded_room,
          uniq_grinder
D:4:      layout_cave_pods, minmay_temple_entry_ruins, nicolae_half_adder
D:5:      layout_basic, fedhas_altar_decomposition, uniq_edmund, uniq_duvessa,
          uniq_blork_the_orc
D:6:      layout_loops_ring, ebering_ghost_inner_flame, uniq_eustachio
Temple:   hellmonk_temple_divided_pantheon

Skill      XL: |  1  2  3  4  5  6  7  8  9 |
---------------+----------------------------+-----
Stealth        | 1 2 3 4 5 |  5.2
Fighting       | 2 3 4 5 |  5.9
Short Blades   | 1 2 3 4 |  4.9
Dodging        | 3 4 5 |  5.2
Evocations     | 4 5 6 |  6.1
Conjurations   | 1 |  1.0
Spellcasting   | |  0.8

Action                     |  1- 3 |  4- 6 |  7- 9 || total
---------------------------+-------+-------+-------++-------
  Melee: War axe           |    76 |       |       ||    76
         Club              |     6 |       |       ||     6
         Tailslap          |    17 |    27 |    55 ||    99
         Short sword       |    45 |    43 |       ||    88
         Dagger            |       |   196 |   262 ||   458
         Punch             |       |     1 |     9 ||    10
    Use: Scroll            |       |     1 |     8 ||     9
         Potion            |       |       |     6 ||     6
   Stab: Sleeping          |     2 |     6 |    10 ||    18
 Armour: Skin              |    48 |    66 |    47 ||   161
  Dodge: Dodged            |    90 |   126 |   117 ||   333

Table legend: (Time is in decaauts)
 A = Elapsed time spent in this place.
 B = Non-inter-level travel time spent in this place.
 C = Inter-level travel time spent in this place.
 D = Time resting spent in this place.
 E = Time spent auto-exploring this place.
 F = Levels seen in this place.
 G = Mean time per level.
                   A        B        C        D        E       F      G
               +--------+--------+--------+--------+--------+-----+--------+
         Total |   6166 |   5814 |    352 |     21 |   3627 |   7 |  880.9 |
       Dungeon |   6113 |   5761 |    352 |     21 |   3627 |   6 | 1018.8 |
        Temple |     53 |     53 |      0 |      0 |      0 |   1 |   53.0 |
               +--------+--------+--------+--------+--------+-----+--------+

Top non-repeatable levels by time:
     D:5: 1434 daAuts
     D:2: 1168 daAuts
     D:4: 1144 daAuts
     D:3: 1140 daAuts
     D:1: 783 daAuts
     D:6: 441 daAuts
  Temple: 53 daAuts
